 Dungeon Crawl Stone Soup version 0.28.0-1-gb440e238dd (webtiles) character file.

Game seed: 14384883797630721008

536 themarg the Charlatan (level 7, -2/53 HPs)
             Began as a Gnoll Wanderer on Feb 23, 2022.
             Slain by an ogre (21 damage)
             ... on level 4 of the Dungeon.
             The game lasted 00:13:54 (3351 turns).

themarg the Charlatan (Gnoll Wanderer)              Turns: 3351, Time: 00:13:54

Health: -2/53      AC:  4    Str: 14    XL:     7   Next: 25%
Magic:  12/12      EV: 11    Int: 13    God:
Gold:   200        SH:  4    Dex:  9    Spells: 11/13 levels left

rFire   . . .      SeeInvis .   b - +1 dagger (venom)
rCold   . . .      Faith    .   i - +0 buckler
rNeg    . . .      Spirit   .   d - +0 leather armour
rPois   .          Reflect  .   (no helmet)
rElec   .          Harm     .   (no cloak)
rCorr   .          Rampage  .   n - +0 pair of gloves
Will    .....                   (no boots)
Stlth   ++........              (no amulet)
HPRegen 0.17/turn               (no ring)
MPRegen 0.13/turn               (no ring)

@: studying Fighting
A: fangs 1, strong nose, distributed training
a: no special abilities


You were on level 4 of the Dungeon.
You visited 1 branch of the dungeon, and saw 4 of its levels.

You collected 200 gold pieces.

Inventory:

Hand Weapons
 a - a +2 hand crossbow
 b - a +1 dagger of venom (weapon)
 t - the +2 flail "Concordance" {vorpal, *Noise rPois Int+4}
   (You took it off an orc on level 3 of the Dungeon)

   It inflicts extra damage upon your enemies.
   Int:       It affects your intelligence (+4).
   rPois:     It protects you from poison.
   *Noise:    It may make noises in combat.
Missiles
 f - 31 bolts
 p - 98 arrows
 y - 44 stones (quivered)
Armour
 d - a +0 leather armour (worn)
 g - a +0 tower shield
 h - a +0 ring mail
 i - a +0 buckler (worn)
 m - an orb of energy
 n - a +0 pair of gloves (worn)
Jewellery
 r - a ring of fire
Wands
 c - a wand of polymorph (7)
Scrolls
 e - 3 scrolls of blinking
 j - a scroll of noise
 k - a scroll of amnesia {unknown}
 o - 2 scrolls of fear
 u - a scroll of vulnerability {unknown}
 v - a scroll of enchant weapon {unknown}
 B - a scroll of identify
Potions
 l - a potion of berserk rage
 q - a potion of curing
 s - a potion of ambrosia
 w - a potion of magic
 x - a potion of degeneration {unknown}
 z - a potion of might {unknown}
 A - a potion of heal wounds {unknown}


   Skills:
 + Level 3.8 Fighting
 + Level 2.3 Short Blades
 + Level 2.3 Long Blades
 + Level 2.3 Axes
 + Level 2.3 Maces & Flails
 + Level 2.3 Polearms
 + Level 2.3 Staves
 + Level 2.3 Slings
 + Level 2.3 Bows
 + Level 7.0 Crossbows
 + Level 2.3 Throwing
 + Level 2.3 Armour
 + Level 2.3 Dodging
 + Level 2.3 Stealth
 + Level 2.3 Shields
 + Level 2.3 Unarmed Combat
 + Level 3.7 Spellcasting
 + Level 2.9 Conjurations
 + Level 1.9 Hexes
 + Level 1.9 Summonings
 + Level 1.9 Necromancy
 + Level 1.9 Translocations
 + Level 1.9 Transmutations
 + Level 1.9 Fire Magic
 + Level 1.9 Ice Magic
 + Level 1.9 Air Magic
 + Level 1.9 Earth Magic
 + Level 1.9 Poison Magic
 + Level 3.7 Invocations
 + Level 7.0 Evocations


You had 11 spell levels left.
You knew the following spells:

 Your Spells              Type           Power      Damage    Failure   Level
a - Shock                 Conj/Air       32%        1d5       13%         1
b - Sting                 Tmut/Pois      28%        1d4       16%         1

Your spell library contained the following spells:

 Spells                   Type           Power      Damage    Failure   Level
 Magic Dart               Conj           40%        1d5       11%         1
 Searing Ray              Conj           20%        2d5       16%         2
 Poisonous Vapours        Pois/Air       14%        N/A       24%         2
 Dazzling Flash           Conj/Hex       16%        N/A       36%         3
 Fulminant Prism          Conj/Hex       4%         3d6       78%         4
 Olgreb's Toxic Radiance  Pois           7%         N/A       85%         4


Dungeon Overview and Level Annotations

Branches:
Dungeon (4/15)
 Temple: D:4-7

Altars:

Shops:
D:1 *[   D:3 =[[*


Innate Abilities, Weirdness & Mutations

You have very sharp teeth.
Your uncanny sense of smell can sniff out nearby items.
Your experience applies equally to all skills.


Message History

Aim: an ogre, wielding a +0 giant spiked club (78% to hit)
You shoot a bolt. The bolt barely misses the ogre.
Fire: 35 bolts
Press: ? - help, Q - select action, (/) - cycle Shift-Dir - straight line, f/p - ogre
Aim: an ogre, wielding a +0 giant spiked club (78% to hit)
You shoot a bolt. The bolt hits the ogre!
The ogre is heavily wounded.
Fire: 34 bolts
Press: ? - help, Q - select action, (/) - cycle Shift-Dir - straight line, f/p - ogre
Aim: an ogre, wielding a +0 giant spiked club (heavily wounded, 78% to hit)
You shoot a bolt. The bolt closely misses the ogre.
Fire: 33 bolts
Press: ? - help, Q - select action, (/) - cycle Shift-Dir - straight line, f/p - ogre
Aim: an ogre, wielding a +0 giant spiked club (heavily wounded, 78% to hit)
You shoot a bolt. The bolt closely misses the ogre.
Fire: 32 bolts
Press: ? - help, Q - select action, (/) - cycle Shift-Dir - straight line, f/p - ogre
Aim: an ogre, wielding a +0 giant spiked club (heavily wounded, 78% to hit)
You shoot a bolt. The bolt barely misses the ogre.
The ogre hits you with a +0 giant spiked club!!
Ouch! That really hurt!
Press: ? - help, v - describe, . - travel The floor, spattered with blood.
Things that are here:
a +0 short sword; an orc corpse
Things that are here:
a +0 mace; an orc corpse
Things that are here:
a +0 hand axe; an orc corpse
Things that are here:
a +0 hand axe; a +0 chain mail; an orc corpse Your +1 dagger of venom begins to drip with poison!
b - a +1 dagger of venom (weapon)
You barely miss the ogre. You bite the ogre.
The ogre is heavily wounded.
The ogre hits you with a +0 giant spiked club!
* * * LOW HITPOINT WARNING * * *
Okay, then.
The ogre hits you with a +0 giant spiked club!!
You die...

#(# #.######.# ## #.# #.#
#.# ## #(# #.# #.# #.
##### #.# #.# #.# ...#
#.# #.# #.###
###.###.######.####...#
#..>..................###
#.#)####.#######.........
# #.# #@# #.###..### #.#
#O# #.# #..##. #.# #.#
#.# #..#..
#.####.#######.###..#.#
#.....#.............#..
######.#.######.######.
#.#.# #.# #. #.#.# #.# #.
##.#.# ##.## #.


You could see an ogre.

Vanquished Creatures
  Sigmund (D:4)
  A kobold brigand (D:4)
  A water moccasin skeleton (D:4)
  A gnoll shaman (D:4)
  An orc priest (D:4)
  2 hound skeletons (D:4)
  5 gnolls
  4 adders
  An ufetubus (D:4)
  An adder skeleton (D:4)
  2 worms (D:2)
  12 orcs
  7 ball pythons
  7 endoplasms
  4 giant cockroaches
  4 goblins
  8 hobgoblins
  5 kobolds
  6 quokkas
  2 bats (D:3)
  2 frilled lizards
  6 rats
83 creatures vanquished.

Vanquished Creatures (others)
  4 plants (D:3)
4 creatures vanquished.

Grand Total: 87 creatures vanquished

Notes
Turn   | Place    | Note
-------+----------+-------------------------------------------
     0 | D:1      | themarg the Gnoll Wanderer began the quest for the Orb.
     0 | D:1      | themarg set off with the following items: a +2 hand
                  | crossbow, 27 bolts, a wand of polymorph (7), a +0 leather
                  | armour; and the following spell memorised: Shock; and the
                  | following spells available to memorise: Dazzling Flash
     0 | D:1      | Reached XP level 1. HP: 17/17 MP: 4/4
    35 | D:1      | Found Urexori's Armour Emporium.
    47 | D:1      | Found a faded altar of an unknown god.
   121 | D:1      | Reached XP level 2. HP: 20/23 MP: 5/5
   511 | D:1      | Found Moediuwn's Assorted Antiques.
   659 | D:2      | Reached XP level 3. HP: 26/28 MP: 7/7
  1426 | D:2      | Reached skill level 1 in Short Blades
  1426 | D:2      | Reached skill level 1 in Long Blades
  1426 | D:2      | Reached skill level 1 in Axes
  1426 | D:2      | Reached skill level 1 in Maces & Flails
  1426 | D:2      | Reached skill level 1 in Polearms
  1426 | D:2      | Reached skill level 1 in Staves
  1426 | D:2      | Reached skill level 1 in Slings
  1426 | D:2      | Reached skill level 1 in Bows
  1426 | D:2      | Reached skill level 1 in Throwing
  1426 | D:2      | Reached skill level 1 in Armour
  1426 | D:2      | Reached skill level 1 in Dodging
  1426 | D:2      | Reached skill level 1 in Stealth
  1426 | D:2      | Reached skill level 1 in Shields
  1426 | D:2      | Reached skill level 1 in Unarmed Combat
  1439 | D:2      | Reached XP level 4. HP: 29/34 MP: 8/8
  1493 | D:2      | Learned a level 1 spell: Sting
  1524 | D:3      | Found Lanetev's Armour Shop.
  1538 | D:3      | Found Fyrief's Jewellery Shop.
  1643 | D:3      | Found Rimpu's Assorted Antiques.
  1848 | D:3      | Reached skill level 1 in Hexes
  1848 | D:3      | Reached skill level 1 in Summonings
  1848 | D:3      | Reached skill level 1 in Necromancy
  1848 | D:3      | Reached skill level 1 in Translocations
  1848 | D:3      | Reached skill level 1 in Transmutations
  1848 | D:3      | Reached skill level 1 in Fire Magic
  1848 | D:3      | Reached skill level 1 in Ice Magic
  1848 | D:3      | Reached skill level 1 in Air Magic
  1848 | D:3      | Reached skill level 1 in Earth Magic
  1848 | D:3      | Reached skill level 1 in Poison Magic
  1853 | D:3      | Identified the +2 flail "Concordance" {vorpal, *Noise rPois
                  | Int+4}
  2219 | D:3      | Reached XP level 5. HP: 40/40 MP: 9/9
  2310 | D:3      | Found Pixzug's Armour Shoppe.
  2499 | D:4      | Noticed Sigmund
  2514 | D:4      | Killed Sigmund
  2515 | D:4      | Reached XP level 6. HP: 28/47 MP: 9/11
  3157 | D:4      | Reached XP level 7. HP: 52/52 MP: 12/12
  3351 | D:4      | Slain by an ogre

Illustrated notes

Levels and vault maps discovered:
D:1:      lightli_arrival_windingriver, layout_basic,
          ebering_ecumenical_altar_webs, serial_shops, shop,
          nicolae_shop_behind_doors, st_stairs_8
D:2:      layout_loops_ring, kennysheep_small_spiral
D:3:      layout_loops_cross, serial_shops, nicolae_shop_waterfront,
          nicolae_lakefront_shop, nicolae_shop_overgrown_old_shop,
          nicolae_square_shop
D:4:      layout_loops_ring, minmay_manual_moon, uniq_sigmund

Skill      XL: |  1  2  3  4  5  6  7 |
---------------+----------------------+-----
Conjurations   | 2 |  2.9
Short Blades   | 1 2 |  2.3
Long Blades    | 1 2 |  2.3
Axes           | 1 2 |  2.3
Maces & Flails | 1 2 |  2.3
Polearms       | 1 2 |  2.3
Staves         | 1 2 |  2.3
Slings         | 1 2 |  2.3
Bows           | 1 2 |  2.3
Throwing       | 1 2 |  2.3
Armour         | 1 2 |  2.3
Dodging        | 1 2 |  2.3
Stealth        | 1 2 |  2.3
Shields        | 1 2 |  2.3
Unarmed Combat | 1 2 |  2.3
Spellcasting   | 3 |  3.7
Hexes          | 1 |  1.9
Summonings     | 1 |  1.9
Necromancy     | 1 |  1.9
Translocations | 1 |  1.9
Transmutations | 1 |  1.9
Fire Magic     | 1 |  1.9
Ice Magic      | 1 |  1.9
Air Magic      | 1 |  1.9
Earth Magic    | 1 |  1.9
Poison Magic   | 1 |  1.9
Invocations    | 3 |  3.7
Fighting       | 3 |  3.8
Crossbows      | 7 |  7.0
Evocations     | 7 |  7.0

Action                   |  1- 3 |  4- 6 |  7- 9 || total
-------------------------+-------+-------+-------++-------
Melee: Short sword       |    13 |       |       ||    13
       Dagger            |    21 |    57 |     5 ||    83
       Bite              |     5 |     5 |     1 ||    11
 Fire: Hand crossbow     |    40 |    89 |    30 ||   159
  Use: Scroll            |       |     5 |     2 ||     7
Armor: Leather armour    |    11 |    12 |     5 ||    28
Dodge: Dodged            |    15 |    34 |     5 ||    54
Block: Buckler           |     1 |     8 |     1 ||    10
